 Dungeon Crawl Stone Soup version 0.24-a0 (webtiles) character file.

Game seed: 2165635122982738844

6949 JeffiDaFish the Fighter (level 11, -3/74 HPs)
             Began as a Gargoyle Fighter on Jan 30, 2019.
             Slain by a river rat (4 damage)
             ... summoned by Gastronok
             ... on level 9 of the Dungeon.
             The game lasted 00:20:04 (11110 turns).

JeffiDaFish the Fighter (Gargoyle Fighter)         Turns: 11110, Time: 00:20:06

Health: -3/74      AC: 21    Str: 28    XL:     11   Next: 7%
Magic:  11/11      EV:  7    Int:  9    God:
Gold:   618        SH: 12    Dex:  9    Spells: 10/10 levels left

rFire    . . .     SeeInvis .   k - +0 morningstar
rCold    . . .     Gourm    .   c - +1 shield
rNeg     + . .     Faith    .   a - +0 chain mail
rPois    ∞         Spirit   .   (no helmet)
rElec    +         Reflect  .   m - scarf {repulsion}
rCorr    .         Harm     .   r - +1 pair of gloves {archery}
MR       .....                  (no boots)
Stlth    ..........             (no amulet)
HPRegen  0.22/turn              (no ring)
MPRegen  0.12/turn              (no ring)

@: mighty, repel missiles
A: negative energy resistance 1, electricity resistance, unbreathing,
petrification resistance, rot immunity, AC +8
a: no special abilities


You were on level 9 of the Dungeon.
You were near starving.

You visited 2 branches of the dungeon, and saw 13 of its levels.
You also visited: Sewer and Ossuary.

You collected 618 gold pieces.

Inventory:

Hand Weapons
 k - a +0 morningstar (weapon)
Armour
 a - a +0 chain mail (worn)
 c - a +1 shield (worn)
 m - a scarf of repulsion (worn)
 r - a +1 pair of gloves of archery (worn)
 y - a +0 plate armour
Jewellery
 q - an uncursed ring of wizardry
Wands
 u - a wand of clouds (3)
 w - a wand of iceblast (8)
Scrolls
 b - 4 scrolls of remove curse
 e - 9 scrolls of teleportation
 h - 18 scrolls of identify
 i - 6 scrolls of blinking
 p - a scroll of enchant armour
 t - a scroll of amnesia
 v - 2 scrolls of enchant weapon {unknown}
Potions
 d - 2 potions of flight
 g - 7 potions of curing
 j - 3 potions of brilliance
 l - a potion of ambrosia
 o - 8 potions of heal wounds
Comestibles
 f - 16 rations


   Skills:
 * Level 11.0 Fighting
 * Level 9.9 Maces & Flails
 + Level 8.1 Armour
 + Level 8.1 Shields


You had 10 spell levels left.
You didn't know any spells.
Your spell library contained the following spells:

 Spells                   Type           Power        Failure   Level  Hunger
 Beastly Appendage        Tmut           #.....       99%         1    ##.....
 Sting                    Conj/Pois      #...         99%         1    ##.....
 Poisonous Vapours        Pois/Air       #.....       100%        2    ###....
 Sticks to Snakes         Tmut           #.......     100%        2    ###....
 Mephitic Cloud           Conj/Pois/Air  #.......     100%        3    ####...
 Spider Form              Tmut/Pois      #.........   100%        3    ####...
 Ice Form                 Ice/Tmut       #.......     100%        4    #####..
 Olgreb's Toxic Radiance  Pois           #.......     100%        4    #####..
 Blade Hands              Tmut           #.........   100%        5    ######.
 Venom Bolt               Conj/Pois      #.........   100%        5    ######.


Dungeon Overview and Level Annotations

Branches:
Dungeon (12/15)            Temple (1/1) D:7
   Lair: D:8-11         Orc: D:9-12

Altars:
Ashenzari
Cheibriados
Dithmenos
Elyvilon
Fedhas
Gozag
Hepliaklqana
Kikubaaqudgha
Makhleb
Nemelex Xobeh
Okawaru
Qazlal
Ru
Sif Muna
Trog
Uskayaw
Vehumet
Wu Jian
Xom
Yredelemnul
Zin
The Shining One

Shops:
D:9 **:*

Annotations:
D:9 Gastronok


Innate Abilities, Weirdness & Mutations

You are resistant to torment.
Your stone body is resilient. (AC +8)
You are immune to poison.
You resist negative energy. (rN+)
You are resistant to electric shocks. (rElec)
You can survive without breathing.
You are immune to petrification.
You are immune to rotting.


Message History

You flatten Gastronok like a pancake!!!
Gastronok is severely wounded.
Gastronok bites you!!
* * * LOW HITPOINT WARNING * * *
You impale Gastronok!!
Gastronok is severely wounded.
You sock Gastronok!
Gastronok is almost dead.
Gastronok chants a spell, wobbling all the while.
You completely miss Gastronok.
Gastronok is almost dead.
The bat hits you but does no damage. You block the bat's attack.
You hit Gastronok.
Gastronok is almost dead.
The bat hits you but does no damage.
Gastronok waves his eye-stalks in wide circles.
The air twists around and strikes you!
* * * LOW HITPOINT WARNING * * *
The river rat bites you.
You die...

..#..#.......## #........#..####
..#..#.#...#..## #..........##
.......###.....###.........##
..........####.............##...
..........##.....#..............#
.....w.......###.#...........####
......≈≈≈.######.#...........##
.....≈≈_≈......wr.............#
#.....≈≈≈≈.#####@##...........# #
#....≈..≈≈. #.b...<........###
###....#### ###.....#+#....#..
##..#..# #.......'∩+......#
#...##.# ♣♣.♣♣...#+#.....##
#.#.##.# ♣≈♣♣.............
....<..# ♣≈P♣..........##.
.......###. P.P♣.♣♣#..###..#.
...).......♣ .≈♣♣♣♣♣♣#..###...


You could see Gastronok, a river rat and a bat.

Vanquished Creatures
  A two-headed ogre (D:9)
  Pikel (D:8)
  A hippogriff (D:7)
  3 yaks (D:9)
  Grum (D:8)
  A steam dragon (D:8)
  A hungry ghost (D:7)
  2 sky beasts
  2 orc warriors
  A black bear (D:9)
  7 ogres
  2 ice beasts
  2 phantoms
  2 necrophages
  4 wolves (D:8)
  4 centaurs
  A big kobold (Sewer)
  An elf zombie (Ossuary)
  6 bullfrogs
  2 scorpions
  2 howler monkeys
  4 crimson imps
  2 bullfrog zombies
  8 centaur zombies (Ossuary)
  3 hounds
  2 jellies
  2 orc priests
  3 human zombies (Ossuary)
  A centaur skeleton (D:9)
  8 iguanas
  7 orc wizards
  12 worker ants
  A statue (D:5)
  A hound zombie (D:5)
  A hound skeleton (D:4)
  4 mummies
  A worker ant zombie (D:5)
  16 adders
  4 river rats
  3 shadow imps
  3 oozes
  An adder zombie (D:10)
  4 adder skeletons
  3 worms
  3 dart slugs
  3 leopard geckos
  16 orcs
  13 giant cockroaches
  2 gnoll zombies (D:2)
  11 goblins
  8 hobgoblins
  5 jackals
  4 quokkas
  3 ball pythons
  7 bats
  8 frilled lizards
  14 kobolds
  A leopard gecko skeleton (D:4)
  7 rats
246 creatures vanquished.

Vanquished Creatures (others)
  A plant (D:10)
1 creature vanquished.

Grand Total: 247 creatures vanquished

Notes
Turn   | Place    | Note
-------+----------+-------------------------------------------
     0 | D:1      | JeffiDaFish the Gargoyle Fighter began the quest for the
                  | Orb.
     0 | D:1      | Reached XP level 1. HP: 14/14 MP: 1/1
    23 | D:1      | Reached XP level 2. HP: 17/19 MP: 2/2
   377 | D:1      | Reached XP level 3. HP: 24/24 MP: 3/3
  1231 | D:2      | Reached skill level 4 in Fighting
  1286 | D:2      | Reached XP level 4. HP: 26/29 MP: 4/4
  1327 | D:2      | Found a basalt altar of Yredelemnul.
  1757 | D:3      | Reached XP level 5. HP: 26/34 MP: 5/5
  2100 | D:3      | Noticed a sky beast
  2150 | D:3      | Killed a sky beast
  2150 | D:3      | Reached skill level 5 in Fighting
  2150 | D:3      | Reached XP level 6. HP: 17/40 MP: 6/6
  2198 | D:3      | Found a glowing drain.
  2207 | Sewer    | Entered a sewer
  2676 | Sewer    | Found a white marble altar of Elyvilon.
  3008 | D:3      | Found an ornate altar of the Wu Jian Council.
  3327 | D:3      | Found a sacrificial altar of Ru.
  3643 | D:4      | Found a shadowy altar of Dithmenos.
  3675 | D:4      | Reached XP level 7. HP: 40/44 MP: 7/7
  4439 | D:4      | Reached skill level 6 in Fighting
  4439 | D:4      | Reached skill level 5 in Maces & Flails
  4551 | D:4      | Reached skill level 5 in Shields
  4604 | D:4      | Reached skill level 5 in Armour
  4606 | D:4      | Found a bloodstained altar of Trog.
  4702 | D:4      | Reached XP level 8. HP: 52/52 MP: 8/8
  4870 | D:4      | Found a sparkling altar of Nemelex Xobeh.
  4914 | D:5      | Entered Level 5 of the Dungeon
  5025 | D:5      | Found an iron altar of Okawaru.
  5039 | D:5      | Reached skill level 7 in Fighting
  5648 | D:5      | Found a radiant altar of Vehumet.
  6045 | D:6      | Reached XP level 9. HP: 55/58 MP: 9/9
  6104 | D:6      | Identified a scroll of acquirement
  6116 | D:6      | Reached skill level 8 in Fighting
  7184 | D:7      | Found a staircase to the Ecumenical Temple.
  7247 | Temple   | Entered the Ecumenical Temple
  8167 | D:7      | Reached skill level 9 in Fighting
  8357 | D:8      | Found an opulent altar of Gozag.
  8479 | D:8      | Found a sand-covered staircase.
  8503 | Ossuary  | Entered an ossuary
  8566 | Ossuary  | Reached XP level 10. HP: 64/66 MP: 10/10
  8800 | D:8      | Noticed Grum
  8807 | D:8      | Killed Grum
  9045 | D:8      | Noticed Pikel
  9075 | D:8      | Killed Pikel
  9075 | D:8      | Reached skill level 10 in Fighting
  9217 | D:8      | Found a bloodstained altar of Trog.
  9440 | D:9      | Noticed a two-headed ogre
  9449 | D:9      | Found a blossoming altar of Fedhas.
  9450 | D:9      | You fall through a shaft for 3 floors!
  9861 | D:10     | Entered Level 10 of the Dungeon
 10282 | D:9      | Killed a two-headed ogre
 10282 | D:9      | Reached XP level 11. HP: 11/73 MP: 11/11
 10758 | D:9      | Found Nyptaxul's Book Boutique.
 10784 | D:9      | Found Usapul's Assorted Antiques.
 10868 | D:9      | Reached skill level 11 in Fighting
 10901 | D:9      | Found a stormy altar of Qazlal.
 10939 | D:9      | Noticed Gastronok
 10941 | D:9      | Found Teil's General Store.
 11060 | D:9      | Found Enijair's Assorted Antiques.
 11110 | D:9      | HP: 1/74 [Gastronok/the air (15)]
 11110 | D:9      | Slain by a river rat

Vault maps used:
D:1:      grunt_arrival_crossed_arrows
D:2:      lemuel_zombie_altar_yredelemnul, small_statue_intersection
D:3:      lemuel_coloured_pillars_altar, lemuel_round_altar,
          gup_sewer_entry_bubbles, minmay_misc_feat_rows
D:4:      minmay_thinvault, kennysheep_little_box,
          grunt_dithmenos_smoke_and_mirrors, bloody_trog, first_ration,
          kennysheep_donut
D:5:      vehumet_statue, lemuel_doored_altar, kennysheep_generic_room_9
D:6:      minmay_chambers_of_fours
D:7:      minmay_temple_entry_nine_rooms
D:8:      nicolae_gozag_cash_rules_everything_around_me,
          gup_ossuary_entry_pyramid, trog_hazing_becter, uniq_grum, uniq_pikel
D:9:      grunt_qazlal_clouds, fedhas_altar_2, serial_curves, eino_curves_01,
          eino_curves_03, serial_shops,
          nicolae_shop_competitors_out_of_business, shop,
          nicolae_shop_statue_plus, nicolae_shop_behind_doors,
          hangedman_pestilent_swarm, serial_bayou_crossing, uniq_gastronok
D:10:     erik_lair_orcish_takeover, ebering_ghost_inner_flame
D:11:     hiddenorc2_lemuel, bh_circular_ruins
Temple:   minmay_temple_curvy_loop
Sewer:    sewer_kobolds
Ossuary:  ossuary_minmay_four_chambers

Skill      XL: |  1  2  3  4  5  6  7  8  9 10 11 |
---------------+----------------------------------+-----
Fighting       | 4 5 6 7 9 10 11 | 11.0
Maces & Flails | 3 4 5 6 8 9 |  9.9
Armour         | 4 5 6 8 |  8.1
Shields        | 4 5 7 8 |  8.1

Action                   |  1- 3 |  4- 6 |  7- 9 | 10-12 || total
-------------------------+-------+-------+-------+-------++-------
Melee: Flail             |   166 |   119 |       |       ||   285
       Morningstar       |       |   183 |   501 |   394 ||  1078
  Use: Scroll            |     4 |     3 |     7 |     2 ||    16
       Potion            |     2 |     7 |     1 |     2 ||    12
  Eat: Chunk             |     1 |     9 |    16 |     7 ||    33
       Ration            |       |       |     1 |       ||     1
Armor: Scale mail        |    98 |   213 |       |       ||   311
       Chain mail        |       |     3 |   247 |   170 ||   420
Dodge: Dodged            |    69 |    95 |   106 |    69 ||   339
       Deflected         |       |       |     4 |     4 ||     8
Block: Shield            |   105 |   172 |   270 |   230 ||   777

Table legend:
 A = Non-vault XP
 B = Vault XP
 C = Vault XP percentage of total XP
 D = Non-vault monster count
 E = Vault monster count
 F = Vault count percentage of total count
                 A         B        C        D         E       F
            +---------+---------+-------+---------+---------+-------
      Total |    7068 |    2860 |  28.8 |     181 |      65 |  26.4
            +---------+---------+-------+---------+---------+-------
        D:1 |      51 |       0 |   0.0 |      24 |       0 |   0.0
        D:2 |     114 |       4 |   3.4 |      26 |       2 |   7.1
        D:3 |     277 |      28 |   9.2 |      21 |       8 |  27.6
        D:4 |     287 |     489 |  63.0 |      10 |      11 |  52.4
        D:5 |     651 |      32 |   4.7 |      18 |       1 |   5.3
        D:6 |     910 |     180 |  16.5 |      24 |       4 |  14.3
        D:7 |    1213 |       0 |   0.0 |      16 |       0 |   0.0
        D:8 |     450 |    1324 |  74.6 |      11 |      13 |  54.2
        D:9 |    2607 |       0 |   0.0 |      22 |       0 |   0.0
       D:10 |     301 |       0 |   0.0 |       6 |       0 |   0.0
       D:11 |      49 |       0 |   0.0 |       1 |       0 |   0.0
       D:12 |     158 |       0 |   0.0 |       2 |       0 |   0.0
      Sewer |       0 |     155 | 100.0 |       0 |      11 | 100.0
    Ossuary |       0 |     648 | 100.0 |       0 |      15 | 100.0
            +---------+---------+-------+---------+---------+-------
